AoeStats
← alexmavrovic

Four Lakes

508657500Analyzed
1v1 RM · 10d ago on Sep 23, 2026· 45m 2s· 2 players
Game mode
Random Map
Map size
Tiny (2 player)
Population
200
Speed
Normal
Resources
Standard
Victory
Conquest
Starting age
Dark Age
Ending age
Imperial Age
RankedLock teamsTeams togetherTeam positionsShared explorationLock speedFull tech treeHidden civsTurbo modeCheats
Victory
Defeat
🇨🇦 Varangians · Canada
1242
+16
🇹🇼 Burmese · Taiwan
1236
-16
eric_liu
7:11 Loom
9:43 Feudal Age
9:45 Man-at-Arms
13:06 Horse Collar
16:26 Gold Mining
21:35 Castle Age
19:53 Stone Mining
20:52 Scale Mail Armor
21:47 Forging
21:38 Pikeman
22:33 Fishing Lines
23:10 Squires
24:12 Fervor
24:23 Sanctity
25:09 Heavy Plow
25:32 Bloodlines
29:43 Fletching
32:00 Town Watch
33:20 Bodkin Arrow
41:20 Imperial Age
44:30 Redemption
alexmavrovic
7:23 Loom
9:48 Feudal Age
14:52 Castle Age
16:49 Scale Barding Armor
16:38 Double-Bit Axe
19:00 Bloodlines
23:51 Medium Warships
25:02 Chain Barding Armor
24:37 Fishing Lines
24:39 Horse Collar
26:02 Wheelbarrow
26:23 Forging
26:22 Husbandry
26:23 Gillnets
31:05 Gold Mining
31:06 Stone Mining
31:27 Bow Saw
31:18 Heavy Plow
32:47 Iron Casting
33:05 Hand Cart
35:13 Fletching
36:19 Bodkin Arrow
39:17 Imperial Age
37:33 Guard Tower
39:14 Town Watch
39:47 Masonry
40:16 Stone Shaft Mining
40:29 Bracer
40:15 Elite Jarl
41:47 Plate Barding Armor
43:03 Blast Furnace
42:13 Siege Engineers
43:17 Two-Man Saw
42:48 Crop Rotation
42:29 Vendel Legacy
43:57 Architecture
46:06 Chemistry
45:36 Ballistics
Connection lost

Rejoining the realm…

Still unreachable

The connection could not be restored.

Session expired

The server has moved on; the page needs a fresh start.